AoeStats
← ☆寒星霞芒☆

Glade

510511864Analyzed
1v1 RM · 2d ago on Oct 1, 2026· 30m 20s· 2 players
Game mode
Random Map
Map size
Tiny (2 player)
Population
200
Speed
Normal
Resources
Standard
Victory
Conquest
Starting age
Dark Age
Ending age
Imperial Age
RankedLock teamsTeams togetherTeam positionsShared explorationLock speedFull tech treeHidden civsTurbo modeCheats
Victory
Defeat
🇨🇳 Khitans · China
1126
+15
🇯🇵 Britons · Japan
1096
-15
moll
9:14 Loom
11:00 Feudal Age
12:37 Double-Bit Axe
12:44 Horse Collar
12:55 Gold Mining
14:38 Wheelbarrow
18:27 Castle Age
17:08 Scale Barding Armor
18:00 Forging
18:10 Stone Mining
19:20 Bow Saw
20:24 Town Watch
20:52 Fletching
25:31 Bodkin Arrow
26:32 Hand Cart
28:20 Gold Shaft Mining
32:07 Imperial Age
29:49 Padded Archer Armor
☆寒星霞芒☆
7:20 Loom
10:53 Feudal Age
13:25 Double-Bit Axe
16:05 Castle Age
14:11 Domestication
14:47 Gold Mining
16:05 Forging
18:05 Bow Saw
18:43 Pastoralism
22:04 Scale Mail Armor
27:17 Iron Casting
28:12 Chain Mail Armor
Connection lost

Rejoining the realm…

Still unreachable

The connection could not be restored.

Session expired

The server has moved on; the page needs a fresh start.